 Dungeon Crawl Stone Soup version 0.29-a0-266-gf56f883ddd (webtiles) character file.

Game seed: 18366044380385497789

35 frimble the Ruffian (level 3, -1/30 HPs)
             Began as a Djinni Cinder Acolyte on Mar 7, 2022.
             Was a High Priest of Ignis.
             Slain by a gnoll
             ... wielding a +0 whip
              (7 damage)
             ... on level 2 of the Dungeon.
             The game lasted 00:01:58 (2095 turns).

frimble the Ruffian (Djinni Cinder Acolyte)         Turns: 2095, Time: 00:01:59

Health: -1/30      AC:  3    Str: 19    XL:     3   Next: 52%
Gold:   67         EV: 11    Int: 15    God:    Ignis [*****.] SH:  0 Dex: 10

rFire   + + +      SeeInvis .   g - +1 dagger (venom)
rCold   x . .      Faith    .   (no shield)
rNeg    . . .      Spirit   .   a - +1 robe
rPois   ∞          Reflect  .   (no helmet)
rElec   .          Harm     .   (no cloak)
rCorr   .          Rampage  .   (no gloves)
Will    +....                   (boots unavailable)
Stlth   +.........              (no amulet)
HPRegen 0.10/turn               b - ring of willpower
MPRegen 0.00/turn               f - +6 ring of strength

@: mighty, flying
A: sickness immunity, fire resistance 2, cold vulnerability 1, float, innate
caster, HP casting, extra vitality 1
a: Renounce Religion, Fiery Armour, Foxfire Swarm, Rising Flame


You were on level 2 of the Dungeon.
You worshipped Ignis.
Ignis was extremely pleased with you.
You visited 1 branch of the dungeon, and saw 2 of its levels.

You collected 67 gold pieces.

Inventory:

Hand Weapons
 g - a +1 dagger of venom (weapon)
Armour
 a - a +1 robe (worn)
Jewellery
 b - a ring of willpower (left hand)
 f - a +6 ring of strength (right hand)
Potions
 h - a potion of brilliance {unknown}


   Skills:
 - Level 3.0 Fighting
 + Level 0.5 Short Blades
 + Level 1.5 Dodging
 - Level 3.3 Unarmed Combat
 + Level 2.7 Spellcasting


You had 4 spell levels left.
You knew the following spells:

 Your Spells              Type           Power      Damage    Failure   Level
a - Scorch                Fire           20%        2d6       10%         2
b - Pain                  Necr           40%        1d6       7%          1
Your spell library was empty.

Dungeon Overview and Level Annotations

Branches:
Dungeon (2/15)

Altars:


Innate Abilities, Weirdness & Mutations

You are immune to sickness and miasma.
You are immune to poison.
Your flesh is very heat resistant. (rF++)
You are vulnerable to cold. (rC-)
You float through the air rather than walking.
You learn spells naturally, not from books.
Your magical power is your life essence.
You have superior vitality. (+4 MHP)


Message History

The gnoll drinks a potion.
The gnoll is healed!
The gnoll looks more healthy.
You hit the gnoll.
The gnoll is lightly wounded.
The hobgoblin hits you but does no damage.
The gnoll attacks as you move away! The gnoll hits you with a +0 flail.
An orc priest comes into view. It is wielding a +0 flail.
The gnoll hits you with a +1 whip of venom.
The gnoll attacks as you move away!
The gnoll hits you with a +1 whip of venom.
The orc priest casts a cantrip, but nothing happens.
The gnoll attacks as you move away! The gnoll barely misses you.
The hobgoblin attacks as you move away! The hobgoblin closely misses you.
An orc comes into view. It is wielding a +0 hand axe.
The orc closely misses you. The gnoll attacks as you move away!
The gnoll barely misses you. The orc attacks as you move away!
The orc hits you with a +0 flail. The hobgoblin attacks as you move away!
The hobgoblin hits you.
The orc shouts!
The gnoll attacks as you move away! The gnoll barely misses you.
As you read the scroll labelled NIXKIPPIXT, it crumbles to dust.
It is a scroll of enchant armour.
Your +0 robe glows green for a moment.
The gnoll barely misses you.
The orc priest calls down the wrath of Beogh upon you.
Pain shoots through your body!
* * * LOW HITPOINT WARNING * * *
You feel better. The gnoll hits you with a +0 flail.
The gnoll closely misses you.
The gnoll throws a throwing net.
The throwing net barely misses you.
Okay, then.
It was a potion of might.
You feel very mighty all of a sudden.
The orc priest miscasts a cantrip.
You see here a throwing net.
Okay, then.
Unknown command.
The gnoll hits you with a +0 whip!
* * * LOW HITPOINT WARNING * * *
The gnoll attacks as you move away! The gnoll hits you with a +0 whip!
You die...

........##.g........#............
........##.....######............
........##......[#...............
......####.......#...............
....######.....:.#.....[......#..
####.............#...........)#..
#.......###.g..............#..
#.......o.g.g......####...##..
........o.ogg@.....# #.......
.####..[..†###.....#####......
#......# #................
#......# ####......)......
#......# #............. ########
#............. #.......######
#########


You could see an orc priest, 4 gnolls, 2 orcs and a hobgoblin.

Vanquished Creatures
  2 dart slugs (D:1)
  3 orcs (D:2)
  2 bats (D:1)
  3 endoplasms (D:2)
  A giant cockroach (D:2)
  2 goblins (D:1)
  A hobgoblin (D:1)
  4 kobolds
  2 quokkas
  A ball python (D:1)
  A frilled lizard (D:2)
  3 rats
25 creatures vanquished.

Notes
Turn   | Place    | Note
-------+----------+-------------------------------------------
     0 | D:1      | frimble the Djinni Cinder Acolyte began the quest for the
                  | Orb.
     0 | D:1      | Reached XP level 1. HP: 20/20 MP: 0/0
   235 | D:1      | Reached XP level 2. HP: 20/25 MP: 0/0
   635 | D:1      | Reached skill level 1 in Dodging
  1522 | D:2      | Reached XP level 3. HP: 30/30 MP: 0/0
  1522 | D:2      | Learned a level 1 spell: Pain
  2095 | D:2      | Slain by a gnoll

Illustrated notes

Levels and vault maps discovered:
D:1:      psy_arrival_conway, layout_basic
D:2:      layout_basic

Skill      XL: |  1  2 |
---------------+-------+-----
Dodging        | 1 |  1.5
Fighting       | |  3.0
Short Blades   | |  0.5
Unarmed Combat | |  3.3
Spellcasting   | |  2.7

Action                   || total
-------------------------++-------
Melee: Unarmed           ||    47
       Dagger            ||    40
       Punch             ||     2
 Cast: Scorch            ||    10
  Use: Scroll            ||     2
       Potion            ||     2
Armor: Robe              ||    22
Dodge: Dodged            ||    72

Table legend: (Time is in decaauts)
 A = Elapsed time spent in this place.
 B = Non-inter-level travel time spent in this place.
 C = Inter-level travel time spent in this place.
 D = Time resting spent in this place.
 E = Time spent auto-exploring this place.
 F = Levels seen in this place.
 G = Mean time per level.
                   A        B        C        D        E       F      G
               +--------+--------+--------+--------+--------+-----+--------+
         Total |   2091 |   2068 |     23 |    215 |   1573 |   2 | 1045.5 |
       Dungeon |   2091 |   2068 |     23 |    215 |   1573 |   2 | 1045.5 |
               +--------+--------+--------+--------+--------+-----+--------+

Top non-repeatable levels by time:
     D:1: 1699 daAuts
     D:2: 391 daAuts
